 Dungeon Crawl Stone Soup version 0.18-a0-1243-g9e52518 (webtiles) character file.

386 namelastname112 the Cudgeler (level 6, -7/52 HPs)
             Began as a Draconian Gladiator on Feb 5, 2016.
             Mangled by an orc warrior
             ... wielding a cursed -1 glaive
              (13 damage)
             ... on level 5 of the Dungeon.
             The game lasted 00:06:45 (3743 turns).

namelastname112 the Cudgeler (Draconian Gladiator)  Turns: 3743, Time: 00:06:46

Health: -7/52      AC:  7    Str: 18    XL:     6   Next: 48%
Magic:  6/6        EV: 13    Int:  8    God:
Gold:   307        SH:  0    Dex: 13    Spells: 0 memorised, 5 levels left

rFire  + . .     SeeInvis .     r - +2 quarterstaff (chaos)
rCold  . . .     Gourm    .     (armour unavailable)
rNeg   . . .     Faith    .     (shield currently unavailable)
rPois  .         Spirit   .     b - +0 hat
rElec  .         Dismiss  .     s - +0 cloak
rCorr  .         Reflect  .     (no gloves)
SustAt .         Harm     .     (no boots)
MR     .....                    z - amulet of magic regeneration
Stlth  ..........               A - ring of protection from fire
                                F - ring of loudness (curse)

@: not resistant to hostile enchantments, extremely unstealthy
A: unfitting armour, cold-blooded, AC +6
a: no special abilities


You were on level 5 of the Dungeon.
You were very hungry.

You visited 2 branches of the dungeon, and saw 6 of its levels.

You collected 307 gold pieces.

Inventory:

Hand Weapons
 a - a +0 flail
 r - a +2 quarterstaff of chaos (weapon)
Missiles
 c - 3 throwing nets (quivered)
Armour
 b - a +0 hat (worn)
 s - a +0 cloak (worn)
Jewellery
 z - an amulet of magic regeneration (around neck)
 A - a ring of protection from fire (right hand)
 B - an uncursed ring of protection from cold
 D - an uncursed ring of protection from fire
 F - a cursed ring of loudness (left hand)
Wands
 g - a wand of digging (10/24)
 o - a wand of polymorph (14/24)
 q - a wand of teleportation (4/9)
 x - a wand of confusion (34/48)
Scrolls
 j - 5 scrolls of magic mapping {unknown}
 m - 6 scrolls of identify {unknown}
 p - a scroll of enchant weapon {unknown}
 t - 4 scrolls of teleportation {unknown}
 u - a scroll of enchant armour {unknown}
 y - 3 scrolls of fog {unknown}
 E - 2 scrolls of remove curse {unknown}
Potions
 e - 2 potions of agility
 h - 2 potions of curing
 i - a potion of lignification
 l - 2 potions of brilliance {unknown}
 n - 2 potions of heal wounds {unknown}
 w - a potion of cancellation {unknown}
 C - 2 potions of mutation {unknown}
Comestibles
 d - 4 bread rations
 f - 7 fruits
 k - 4 slices of pizza
 v - a beef jerky


   Skills:
 + Level 3.9 Fighting
 * Level 5.2 Maces & Flails
 + Level 3.1 Throwing
 + Level 3.7 Dodging


You had 5 spell levels left.
You didn't know any spells.

Dungeon Overview and Level Annotations

Branches:
Dungeon (5/15)             Temple (1/1) D:4

Altars:
Ashenzari
Cheibriados
Dithmenos
Elyvilon
Fedhas
Kikubaaqudgha
Makhleb
Okawaru
Pakellas
Qazlal
Ru
Sif Muna
Xom
The Shining One


Innate Abilities, Weirdness & Mutations

Your plain brown scales are hard (AC +6).
Your body does not fit into most forms of armour.
You are cold-blooded and may be slowed by cold attacks.


Message History

The orc barely misses you.
The orc warrior hits you from afar with a glaive!
You hit the orc.
The orc is almost dead.
The orc closely misses you.
The orc warrior hits you from afar with a glaive!!
You sock the orc!
You kill the orc!
The orc warrior hits you with a glaive!
* * * LOW HITPOINT WARNING * * *
You see here a falchion.
You closely miss the orc warrior. The orc warrior closely misses you.
Drink which item? (? for menu, Esc to quit)
You feel better. The orc warrior barely misses you.
Drink which item? (? for menu, Esc to quit)
You feel better.
The orc warrior hits you with a glaive!!
* * * LOW HITPOINT WARNING * * *
The orc warrior hits you from afar with a glaive!
You die...

#.........# #..#
#........... #...#
#..# #...........
#...# #..#
#...........
#####...###..#
##...........
#............#
#............
######.#####.###)##
#......######
.......# #..##o#
#......#
#############.##.#
########
................@#
##############.#.#
#[#.# #)#.# #'#.#
#.........#
#.........#
#.........#
######....#


You could see an orc warrior.

Vanquished Creatures
  The ghost of YrmMerkstave the Ruffian, an amateur DrTm (D:3)
  A hound (D:3)
  2 orc wizards (D:3)
  Ijyb (D:3)
  2 worker ants
  4 adders
  2 shadow imps (D:5)
  2 worms
  3 giant geckos
  13 orcs
  A ball python (D:4)
  4 bats
  3 giant cockroaches (D:1)
  8 goblins
  6 hobgoblins
  8 jackals
  6 kobolds
  A quokka (D:5)
  3 giant newts
  2 rats
  A butterfly (D:4)
74 creatures vanquished.

Vanquished Creatures (others)
  2 plants (D:2)
2 creatures vanquished.

Grand Total: 76 creatures vanquished

Notes
Turn   | Place    | Note
--------------------------------------------------------------
     0 | D:1      | namelastname112 the Draconian Gladiator began the quest for the Orb.
     0 | D:1      | Reached XP level 1. HP: 17/17 MP: 1/1
   118 | D:1      | Reached XP level 2. HP: 22/25 MP: 2/2
   926 | D:2      | Reached XP level 3. HP: 24/30 MP: 3/3
  1061 | D:2      | Found a faded altar to an unknown god.
  1173 | D:2      | Found a shattered altar of Ashenzari.
  1177 | D:2      | Saw a vision of the Swamp and the Spider Nest.
  1177 | D:2      | Noticed a redback
  1177 | D:2      | Noticed a swamp drake
  1177 | D:2      | Noticed a redback
  1177 | D:2      | Noticed an alligator
  1178 | D:2      | Noticed a water moccasin
  1280 | D:3      | Noticed YrmMerkstave's ghost (amateur DrTm)
  1336 | D:3      | Killed YrmMerkstave's ghost
  1336 | D:3      | Reached skill level 4 in Maces & Flails
  1336 | D:3      | Reached XP level 4. HP: 38/38 MP: 4/4
  1450 | D:3      | Reached XP level 5. HP: 13/45 MP: 5/5
  1661 | D:3      | Noticed Crazy Yiuf
  1662 | D:3      | Noticed Crazy Yiuf
  1662 | D:3      | Crazy Yiuf changed into Crazy Yiuf the hound
  1667 | D:3      | Killed Crazy Yiuf the hound
  2022 | D:3      | Noticed Ijyb
  2029 | D:3      | Killed Ijyb
  2029 | D:3      | Reached XP level 6. HP: 45/52 MP: 6/6
  2366 | D:4      | Found a staircase to the Ecumenical Temple.
  2425 | Temple   | Entered the Ecumenical Temple
  3384 | D:5      | Entered Level 5 of the Dungeon
  3460 | D:5      | Reached skill level 5 in Maces & Flails
  3591 | D:5      | Found a shadowy altar of Dithmenos.
  3593 | D:5      | Found a sacrificial altar of Ru.
  3710 | D:5      | Noticed an orc warrior
  3743 | D:5      | Mangled by an orc warrior

Vault maps used:
D:1:      dpeg_arrival_rhombus
D:2:      wad_pebble_path, ecumenical_altar_1, grunt_ashenzari_visionary
D:3:      first_bread, uniq_crazy_yiuf_cottage, uniq_iyjb
D:4:      minmay_temple_entry_butterflies, kennysheep_generic_room_8
D:5:      nicolae_overflow_hidden_temple
Temple:   eino_temple_water_12

Action                   |  1- 3 |  4- 6 || total
-------------------------+-------+-------++-------
Melee: Flail             |    87 |    23 ||   110
       Unarmed           |    19 |       ||    19
       Quarterstaff      |       |    99 ||    99
Evoke: Wand              |       |     1 ||     1
  Use: Potion            |     3 |     4 ||     7
  Eat: Chunk             |       |     8 ||     8
